AoeStats
← TheQuietRiot

Black Forest

505188115Analyzed
1v1 RM · 25d ago on Sep 8, 2026· 52m 29s· 2 players
Game mode
Random Map
Map size
Tiny (2 player)
Population
200
Speed
Normal
Resources
Standard
Victory
Conquest
Starting age
Dark Age
Ending age
Imperial Age
RankedLock teamsTeams togetherTeam positionsShared explorationLock speedFull tech treeHidden civsTurbo modeCheats
Victory
Defeat
🇬🇧 Britons · United Kingdom
898
+17
🇳🇱 Poles · Netherlands
909
-17
TheQuietRiot
11:17 Feudal Age
9:34 Loom
12:34 Double-Bit Axe
16:07 Fletching
17:30 Horse Collar
25:30 Castle Age
24:30 Stone Mining
24:33 Gold Mining
27:46 Bow Saw
28:33 Bodkin Arrow
28:55 Forging
29:39 Gold Shaft Mining
30:08 Wheelbarrow
29:25 Town Watch
30:50 Padded Archer Armor
32:01 Leather Archer Armor
31:46 Scale Mail Armor
32:22 Iron Casting
33:01 Hand Cart
32:09 Pikeman
33:26 Husbandry
32:47 Light Cavalry
34:10 Heavy Plow
37:30 Town Patrol
37:50 Chain Mail Armor
37:41 Scale Barding Armor
38:00 Ballistics
37:38 Murder Holes
43:16 Imperial Age
42:04 Yeomen
41:50 Squires
41:41 Gambesons
41:42 Arson
42:44 Chain Barding Armor
43:42 Elite Longbowman
46:02 Chemistry
45:04 Bracer
46:18 Two-Man Saw
45:37 Warwolf
47:07 Ring Archer Armor
47:38 Blast Furnace
47:40 Conscription
47:47 Halberdier
50:44 Masonry
50:43 Siege Engineers
Pete30324jsgj
1:30 Loom
15:06 Feudal Age
19:25 Fletching
25:02 Padded Archer Armor
27:04 Horse Collar
29:59 Town Watch
30:06 Double-Bit Axe
33:33 Castle Age
33:47 Bloodlines
33:50 Scale Barding Armor
33:56 Forging
36:45 Chain Barding Armor
38:25 Wheelbarrow
41:48 Bow Saw
41:34 Stone Mining
47:47 Imperial Age
46:19 Husbandry
49:33 Onager
Connection lost

Rejoining the realm…

Still unreachable

The connection could not be restored.

Session expired

The server has moved on; the page needs a fresh start.